 Dungeon Crawl Stone Soup version 0.26.0-10-g1f06aea511 (webtiles) character file.

Game seed: 14556520942769911060

700 night the Ruffian (level 7, -1/39 HPs)
             Began as a Vine Stalker Fighter on Jan 23, 2021.
             Was a Believer of Ru.
             Slain by a troll (4 damage)
             ... on level 6 of the Dungeon.
             The game lasted 00:10:29 (4272 turns).

night the Ruffian (Vine Stalker Fighter)            Turns: 4272, Time: 00:10:30

Health: -1/39      AC: 11    Str: 20    XL:     7   Next: 65%
Magic:  0/10       EV:  3    Int:  8    God:    Ru [**....]
Gold:   379        SH: 14    Dex: 14    Spells: 10/10 levels left

rFire    . . .     SeeInvis .     - Unarmed
rCold    . . .     Faith    .   b - +0 kite shield
rNeg     . . .     Spirit   +   s - +0 plate armour
rPois    .         Reflect  +   (no helmet)
rElec    .         Harm     .   (no cloak)
rCorr    .         Rampage  .   (no gloves)
Will     .....                  (no boots)
Stlth    ..........             r - amulet of reflection
HPRegen  0.53/turn              j - ring of wizardry
MPRegen  0.12/turn              (no ring)

@: no status effects
A: fangs 2, low mp 1, regeneration 1, magic shield, antimagic bite, no potion
heal 3, inexperienced 1
a: Renounce Religion


You were on level 6 of the Dungeon.
You worshipped Ru.
Ru was pleased with you.
You visited 2 branches of the dungeon, and saw 7 of its levels.

You collected 379 gold pieces.

Inventory:

Missiles
 p - 9 boomerangs (quivered)
Armour
 a - a +0 scale mail
 b - a +0 kite shield (worn)
 q - the +0 leather armour "Watyist" {rF+ rC+}
   (You found it on level 4 of the Dungeon)

   It protects you from fire.
   It protects you from cold.
 s - a +0 plate armour (worn)
Jewellery
 j - a ring of wizardry (left hand)
 r - an amulet of reflection (around neck)
 y - an uncursed ring of flight {unknown}
Wands
 u - a wand of enslavement (13)
Scrolls
 d - a scroll of fog {unknown}
 f - a scroll of amnesia
 g - 5 scrolls of remove curse
 h - 5 scrolls of identify
 l - 2 scrolls of enchant weapon
 m - 3 scrolls of enchant armour
Potions
 c - a potion of might
 e - a potion of flight
 i - 2 potions of attraction
 n - 7 potions of curing
 t - a potion of haste
 v - a potion of heal wounds
 w - a potion of invisibility {unknown}
 x - a potion of berserk rage {unknown}


   Skills:
 + Level 5.1 Fighting
 - Level 2.4 Armour
 - Level 2.6 Shields
 * Level 7.1 Unarmed Combat
 + Level 2.2 Spellcasting


You had 10 spell levels left.
You didn't know any spells.
Your spell library was empty.

Dungeon Overview and Level Annotations

Branches:
Dungeon (6/15)             Temple (1/1) D:5

Altars:
Ashenzari
Cheibriados
Dithmenos
Elyvilon
Fedhas
Gozag
Hepliaklqana
Makhleb
Okawaru
Qazlal
Ru
Sif Muna
Uskayaw
Vehumet
Wu Jian
Xom
Yredelemnul
Zin
The Shining One

Shops:
D:5 *


Innate Abilities, Weirdness & Mutations

You have extremely sharp teeth.
Your magical capacity is low. (-10% MP)
Your natural rate of healing is unusually fast.
When hurt, damage is shared between your health and your magic reserves.
Your bite disrupts and absorbs the magic of your enemies.
Potions cannot restore your health.
You are somewhat inexperienced. (-2 XL)


Message History

The troll bites you but does no damage. You block the troll's attack.
The troll barely misses you.
Your plate armour prevents you from hitting the troll.
Your bite misses the troll.
The troll is almost dead.
The troll bites you!
* * * LOW HITPOINT WARNING * * *
The troll claws you but does no damage. You block the troll's attack.
You closely miss the troll. You bite the troll. You drain its power.
You feel invigorated.
The troll is almost dead.
You block the troll's attack. The troll claws you!
* * * LOW HITPOINT WARNING * * *
The troll claws you but does no damage.
Evoke which item? (* to show all) (? for menu, Esc to quit)
Okay, then.
You barely miss the troll. Your bite misses the troll.
The troll is almost dead.
The troll bites you!
You die...

,*******,,,***
#.##.#,,,_P,,*
,,,,**,,,,,,,*
#....#,,.P,,,,
***,**,*,,*,,*
#....#,PPPP,,,
*,**,,,,,,,*
#....#c.$..,,,
***,**,,,∩,,,*
#.<....#*****,
,,,,,,,*,,,*,* ###(####
** *,*,**,,,.**,* #)#
,**,**,,,...$#########.#
***,*****......T@.....(#
,,,,* *.##############
***** *,* *,* *,* ****,*
**,**,* **,*,*,*
****,***,,*


You could see a troll.

Vanquished Creatures
  Edmund (D:4)
  A centaur (D:6)
  2 scorpions (D:5)
  A vampire bat (D:5)
  2 hounds (D:5)
  A bullfrog skeleton (D:5)
  3 orc wizards
  Jessica (D:2)
  An iguana (D:4)
  2 worker ants
  6 adders
  An adder skeleton (D:5)
  3 worms (D:2)
  3 dart slugs
  3 fire bats (D:5)
  3 leopard geckos
  9 orcs
  2 spectral bats (D:5)
  A ball python (D:4)
  3 bat skeletons (D:5)
  A bat zombie (D:5)
  9 giant cockroaches
  13 goblins
  3 hobgoblins
  8 jackals
  A quokka (D:4)
  22 bats
  A bat simulacrum (D:5)
  4 frilled lizards
  6 kobolds
  2 quokka skeletons
  5 rats
124 creatures vanquished.

Notes
Turn   | Place    | Note
-------+----------+-------------------------------------------
     0 | D:1      | night the Vine Stalker Fighter began the quest for the Orb.
     0 | D:1      | Reached XP level 1. HP: 11/11 MP: 2/2
    94 | D:1      | Reached XP level 2. HP: 14/16 MP: 3/3
   508 | D:1      | Reached skill level 3 in Unarmed Combat
   578 | D:1      | Reached XP level 3. HP: 20/20 MP: 4/4
   818 | D:2      | Found a faded altar of an unknown god.
   819 | D:2      | Noticed Jessica
   825 | D:2      | Killed Jessica
   832 | D:2      | Became a worshipper of Ru the Awakened
   855 | D:2      | Gained mutation: Your magical capacity is low. (-10% MP)
                  | [Ru sacrifice]
   891 | D:2      | Gained mutation: Your natural rate of healing is unusually
                  | fast. [Vine Stalker growth]
   891 | D:2      | Reached XP level 4. HP: 24/24 MP: 4/4
  1200 | D:2      | Found a hazy altar of Hepliaklqana.
  1234 | D:2      | Reached skill level 4 in Unarmed Combat
  1641 | D:3      | Found a sacrificial altar of Ru.
  1848 | D:3      | Reached XP level 5. HP: 28/28 MP: 5/5
  2559 | D:4      | Gained mutation: You are somewhat inexperienced. (-2 XL)
                  | [Ru sacrifice]
  2559 | D:4      | Reached XP level 4. HP: 25/25 MP: 4/4
  2559 | D:4      | Reached XP level 3. HP: 21/21 MP: 3/3
  2559 | D:4      | Reached * piety under Ru
  2559 | D:4      | Reached ** piety under Ru
  2573 | D:4      | Reached skill level 5 in Unarmed Combat
  2573 | D:4      | Reached XP level 4. HP: 25/25 MP: 4/4
  2643 | D:4      | Got a faintly humming leather armour
  2653 | D:4      | Identified the cursed +0 leather armour "Watyist" {rF+ rC+}
                  | (You found it on level 4 of the Dungeon)
  2854 | D:4      | Reached XP level 5. HP: 27/29 MP: 3/5
  2959 | D:4      | Noticed Edmund
  3002 | D:4      | Killed Edmund
  3003 | D:4      | Reached XP level 6. HP: 30/34 MP: 6/6
  3055 | D:4      | Found a sacrificial altar of Ru.
  3311 | D:4      | Found a broken altar of Ashenzari.
  3416 | D:5      | Entered Level 5 of the Dungeon
  3437 | D:5      | Reached skill level 6 in Unarmed Combat
  3450 | D:5      | Found Veugeokk's General Store.
  3564 | D:5      | Reached skill level 1 in Spellcasting
  3614 | D:5      | Reached XP level 7. HP: 38/38 MP: 6/8
  3705 | D:5      | Found a staircase to the Ecumenical Temple.
  3741 | Temple   | Entered the Ecumenical Temple
  4077 | D:5      | Identified the +10 spear of Virtue {vorpal, *Contam +Blink
                  | +Rage Will+}
  4086 | D:5      | Reached skill level 5 in Fighting
  4242 | D:6      | Found a blossoming altar of Fedhas.
  4252 | D:6      | Reached skill level 7 in Unarmed Combat
  4255 | D:6      | Noticed a troll
  4272 | D:6      | Slain by a troll

Illustrated notes

Levels and vault maps discovered:
D:1:      dpeg_arrival_fog, layout_loops_cross, minmay_unequal
D:2:      layout_loops_ring, nzn_hepliaklqana_mist_gate,
          chequers_ecumenical_altar_simple, minmay_circle_x, uniq_jessica
D:3:      layout_basic, hangedman_ru_absence
D:4:      layout_basic, kennysheep_mini, lemuel_round_altar, uniq_edmund
D:5:      layout_rooms, minmay_temple_entry_statues_pillars, serial_shops, shop,
          dk_vineyard_3, goddamned_bats
D:6:      layout_loops_corners, lemuel_doored_altar,
          gammafunk_temple_overflow_elements, serial_shops, shop,
          nicolae_ossuary_entry_ruins, fedhas_bush_and_centaur_altar
Temple:   eino_temple_rhombus

Skill      XL: |  1  2  3  4  5  6  7 |
---------------+----------------------+-----
Fighting       | 3 4 5 |  5.1
Unarmed Combat | 3 5 4 6 7 |  7.1
Spellcasting   | 1 2 |  2.2
Armour         | |  2.4
Shields        | |  2.6

Action                   |  1- 3 |  4- 6 |  7- 9 || total
-------------------------+-------+-------+-------++-------
Melee: Unarmed           |   117 |   239 |    72 ||   428
       Bite              |    35 |    62 |    17 ||   114
Invok: Sacrifice Essence |     1 |       |       ||     1
       Sacrifice Experie |     1 |       |       ||     1
  Use: Scroll            |       |     8 |     4 ||    12
       Potion            |       |     1 |     1 ||     2
Armor: Scale mail        |    76 |    36 |       ||   112
       Plate armour      |     3 |    23 |    59 ||    85
       Leather armour    |       |     1 |       ||     1
Dodge: Dodged            |    35 |    32 |    16 ||    83
Block: Kite shield       |    72 |   104 |    81 ||   257
       Reflection        |       |       |     3 ||     3
